 Dungeon Crawl Stone Soup version 0.30-a0-1157-g2cc9ac7196 (webtiles) character file.

Game seed: 959416687534530867

81 qeuew the Digger (level 4, -3/24 HPs)
             Began as a Gargoyle Earth Elementalist on Apr 24, 2023.
             Slain by Sigmund
             ... wielding a +2 heavy scythe
              (16 damage)
             ... on level 3 of the Dungeon.
             The game lasted 00:02:32 (1859 turns).

qeuew the Digger (Gargoyle Earth Elementalist)      Turns: 1859, Time: 00:02:32

Health: -3/24      AC:  5    Str: 13    XL:     4   Next: 42%
Magic:  6/8        EV: 12    Int: 16    God:
Gold:   79         SH:  0    Dex: 10    Spells: 7/8 levels left

rFire   . . .        d - +0 whip
rCold   . . .        (no shield)
rNeg    + . .        a - +0 robe
rPois   ∞            (no helmet)
rElec   +            (no cloak)
rCorr   .            (no gloves)
SInv    .            (no boots)
Will    .....        (no amulet)
Stlth   ++           (no ring)
HPRegen 0.24/turn    (no ring)
MPRegen 0.11/turn

%: no passive effects
@: no status effects
A: sickness immunity, AC +3, negative energy resistance 1, electricity
resistance, torment resistance 1, petrification resistance
a: no special abilities


You were on level 3 of the Dungeon.
You visited 1 branch of the dungeon, and saw 3 of its levels.

You collected 79 gold pieces.

Inventory:

Hand Weapons
 d - a +0 whip (weapon)
Armour
 a - a +0 robe (worn)
Wands
 g - a wand of mindburst (14)
Potions
 b - a potion of magic
 e - a potion of curing


   Skills:
 + Level 1.0 Maces & Flails
 * Level 2.0 Armour
 + Level 2.0 Dodging
 - Level 2.1 Stealth
 * Level 2.9 Spellcasting
 - Level 0.7 Transmutations
 + Level 4.0 Earth Magic
 + Level 0.0 Evocations


You had 7 spell levels left.
You knew the following spells:

 Your Spells              Type           Power      Damage    Failure   Level
a - Sandblast             Erth           30%        2d9       3%          1

Your spell library contained the following spells:

 Spells                   Type           Power      Damage    Failure   Level
 Passwall                 Tmut/Erth      8%         N/A       11%         2
 Freeze                   Ice            8%         1d3       19%         1
 Stone Arrow              Conj/Erth      16%        3d8       24%         3
 Frozen Ramparts          Ice            4%         1d1       50%         3
 Hailstorm                Conj/Ice       2%         3d3       50%         3
 Petrify                  Tmut/Erth      10%        N/A       56%         4
 Summon Forest            Summ/Tloc      1%         N/A       99%         5
 Summon Mana Viper        Hex/Summ       2%         N/A       99%         5
 Summon Cactus Giant      Summ           1%         N/A       100%        6


Dungeon Overview and Level Annotations

Branches:
Dungeon (3/15)

Altars:
Yredelemnul

Annotations:
D:3 Sigmund


Innate Abilities, Weirdness & Mutations

You are immune to sickness and miasma.
Your stone body is resilient. (AC +3)
You are immune to poison.
You resist negative energy. (rN+)
You are resistant to electric shocks. (rElec)
You are resistant to unholy torment.
You are immune to petrification.


Message History

You now have 79 gold pieces (gained 13).
There is an escape hatch in the floor here.
You open the door.
There is an open door here.
An endoplasm comes into view.
The endoplasm quivers.
The endoplasm moves out of view.
You can't see any susceptible monsters within range! (Use Z to cast anyway.)
An endoplasm is nearby!
You can't see any susceptible monsters within range! (Use Z to cast anyway.)
An endoplasm is nearby!
You can't see any susceptible monsters within range! (Use Z to cast anyway.)
An endoplasm is nearby!
You can't see any susceptible monsters within range! (Use Z to cast anyway.)
An endoplasm is nearby!
The blast of sand hits the endoplasm!
You kill the endoplasm!
Found a stone staircase leading down.
No target in view!
You can't see any susceptible monsters within range! (Use Z to cast anyway.)
You open the door.
Found a basalt altar of Yredelemnul.
You can't see any susceptible monsters within range! (Use Z to cast anyway.) No target in view!
Sigmund the Dreaded comes into view.
He is wielding a +2 heavy scythe.
Found 10 gold pieces.
The blast of sand hits Sigmund.
Sigmund is lightly wounded.
Sigmund shouts!
Sigmund is nearby!
Sigmund flickers, as though insubstantial.
Sigmund hits you with a +2 heavy scythe!
The blast of sand hits Sigmund!
Sigmund is heavily wounded.
Sigmund is nearby!
You hit Sigmund but do no damage.
Sigmund is heavily wounded.
Sigmund hits you with a +2 heavy scythe!
Ouch! That really hurt!
You die...

# ##########.#
#>.........#.
#.$@@........
#.###.#####..
#.###........
#......#####.
#..#####..
#..'....._
#..#####..
#......#####
#.####..#......


You could see Sigmund.

Vanquished Creatures
  An adder (D:2)
  A gnoll (D:1)
  A dart slug (D:1)
  6 bats
  10 endoplasms
  8 goblins
  4 hobgoblins
  3 jackals (D:1)
  4 ball pythons
  3 frilled lizards
  5 kobolds
  11 rats
57 creatures vanquished.

Notes
Turn   | Place    | Note
-------+----------+-------------------------------------------
     0 | D:1      | qeuew the Gargoyle Earth Elementalist began the quest for
                  | the Orb.
     0 | D:1      | Reached XP level 1. HP: 10/10 MP: 3/3
   166 | D:1      | Reached XP level 2. HP: 10/15 MP: 1/5
   224 | D:1      | Reached skill level 1 in Armour
   496 | D:1      | Reached XP level 3. HP: 12/19 MP: 1/6
  1233 | D:2      | Reached XP level 4. HP: 24/24 MP: 3/8
  1420 | D:2      | Identified the +6 dagger of Saltpetre {drain, rN+ rCorr
                  | Int+4 Dex-3}
  1446 | D:2      | Reached skill level 1 in Maces & Flails
  1449 | D:2      | Reached skill level 4 in Earth Magic
  1848 | D:3      | Found a basalt altar of Yredelemnul.
  1855 | D:3      | Noticed Sigmund
  1859 | D:3      | Slain by Sigmund

Illustrated notes

Levels and vault maps discovered:
D:1:      dpeg_arrival_more_subterranean_lakeside_camping, layout_basic,
          minivault_11
D:2:      layout_rooms
D:3:      layout_basic, mainiacjoe_overflow_surrounded_room,
          eat_drink_and_be_merry_uskayaw, tgw_sif,
          gammafunk_temple_overflow_pools, uniq_sigmund

Skill      XL: |  1  2  3  4 |
---------------+-------------+-----
Armour         | 1 2 |  2.0
Maces & Flails | 1 |  1.0
Earth Magic    | 4 |  4.0
Dodging        | 2 |  2.0
Stealth        | |  2.1
Spellcasting   | |  2.9
Transmutations | |  0.7

Action                     |  1- 3 |  4- 6 || total
---------------------------+-------+-------++-------
  Melee: Whip              |    27 |     3 ||    30
         Punch             |       |     1 ||     1
   Cast: Sandblast         |    40 |    27 ||    67
    Use: Potion            |     2 |     1 ||     3
         Scroll            |       |     5 ||     5
 Armour: Robe              |    13 |     4 ||    17
  Dodge: Dodged            |    31 |     6 ||    37

Table legend: (Time is in decaauts)
 A = Elapsed time spent in this place.
 B = Non-inter-level travel time spent in this place.
 C = Inter-level travel time spent in this place.
 D = Time resting spent in this place.
 E = Time spent auto-exploring this place.
 F = Levels seen in this place.
 G = Mean time per level.
                   A        B        C        D        E       F      G
               +--------+--------+--------+--------+--------+-----+--------+
         Total |   1893 |   1829 |     64 |      0 |   1535 |   3 |  631.0 |
       Dungeon |   1893 |   1829 |     64 |      0 |   1535 |   3 |  631.0 |
               +--------+--------+--------+--------+--------+-----+--------+

Top non-repeatable levels by time:
     D:1: 1220 daAuts
     D:2: 579 daAuts
     D:3: 93 daAuts
